 Dungeon Crawl Stone Soup version 0.19.1-1-g22dce08 (webtiles) character file.

582294 M4edhros the Bringer of Law (level 27, -11/292 HPs)
             Began as an Octopode Chaos Knight on Dec 29, 2016.
             Was the Champion of Zin.
             Mangled by a vault guard
             ... wielding a cursed -3 bardiche
             ... led by a vault warden
              (22 damage)
             ... on level 5 of the Vaults on Dec 30, 2016.
             The game lasted 03:20:50 (103257 turns).

M4edhros the Bringer of Law (OpCK)                Turns: 103257, Time: 03:20:51

Health: -11/292    AC:  8    Str: 26    XL:     27
Magic:  37/37      EV: 32    Int: 26    God:    Zin [******]
Gold:   2065       SH: 28    Dex: 29    Spells: 11 memorised, 6 levels left

rFire  + + +     SeeInvis +     S - +4 arc blade {discharge, rElec}
rCold  + + +     Gourm    .     g - +5 shield of Grace {rC+ Regen+}
rNeg   + . .     Faith    .     h - +0 mask of the Dragon {MR+ Slay+3 SInv}
rPois  .         Spirit   .     V - +5 amulet of reflection
rElec  +         Reflect  +     a - ring "Vohatidd" {rF+ rC+ MR+}
rCorr  +         Harm     .     q - ring of resist corrosion
MR     +++++                    z - ring of Betahit {+Inv Dex+5 Slay+5}
Stlth  ..........               y - ring "Gidezyem" {MR+ Int+10}
                                Z - ring "Opiabuibb" {+Blink rF+ MR+ Dex+2}
                                p - +3 ring of slaying
                                v - ring of protection from fire
                                b - ring "Duujud" {rElec rN+ Str+7}

@: berserking (expiring), studying Charms, drained, very quick
A: almost no armour, stealthy swim, amphibious, 8 rings, constrict 8, beak,
iridescent scales 1, thin metallic scales 1, camouflage 1, fire resistance 1,
regeneration 1, robust 1, screaming 2, shaggy fur 3, strong 1, gelatinous body 1
a: Recite, Vitalisation, Imprison, Sanctuary, Donate Gold, Cure All Mutations,
Renounce Religion, Evoke Blink, Evoke Invisibility
}: 2/15 runes: slimy, gossamer


You were on level 5 of the Vaults.
You worshipped Zin.
Zin was exalted by your worship.
You were full.

You visited 11 branches of the dungeon, and saw 53 of its levels.
You visited the Abyss 1 time.
You also visited: Ice Cave.

You collected 22941 gold pieces.
You spent 4997 gold pieces at shops.
You donated 595 gold pieces to Zin.
You paid 15284 gold pieces to Gozag.

Inventory:

Hand Weapons
 l - a +9 hunting sling of venom
 S - the +4 arc blade (weapon) {discharge, rElec}
   (You bought it in a shop on level 2 of the Orcish Mines)

   It insulates you from electricity.
 W - a +7 fustibalus of velocity
Missiles
 U - 199 sling bullets
 X - 891 stones
Armour
 g - the +5 shield of Grace (worn) {rC+ Regen+}
   (You took it off Asterion on level 1 of the Elven Halls)

   It protects you from cold.
   It increases your rate of regeneration.
 h - the +0 mask of the Dragon (worn) {MR+ Slay+3 SInv}
   (You found it on level 6 of the Lair of Beasts)

   It affects your accuracy and damage with ranged weapons and melee attacks
   (+3).
   It affects your resistance to hostile enchantments.
   It lets you see invisible.
Jewellery
 a - the ring "Vohatidd" (left tentacle) {rF+ rC+ MR+}
   (You bought it in a shop on level 14 of the Dungeon)

   [ring of protection from magic]

   It protects you from fire.
   It protects you from cold.
   It affects your resistance to hostile enchantments.
 b - the ring "Duujud" (on tentacle) {rElec rN+ Str+7}
   (You bought it in a shop on level 4 of the Lair of Beasts)

   [ring of positive energy]

   It affects your strength (+7).
   It insulates you from electricity.
   It protects you from negative energy.
 p - a +3 ring of slaying (on tentacle)
 q - a ring of resist corrosion (right tentacle)
 v - a ring of protection from fire (on tentacle)
 y - the ring "Gidezyem" (on tentacle) {MR+ Int+10}
   (You bought it in a shop on level 14 of the Dungeon)

   [ring of protection from magic]

   It affects your intelligence (+10).
   It affects your resistance to hostile enchantments.
 z - the ring of Betahit (on tentacle) {+Inv Dex+5 Slay+5}
   (You bought it in a shop on level 4 of the Lair of Beasts)

   [ring of slaying]

   It affects your dexterity (+5).
   It affects your accuracy and damage with ranged weapons and melee attacks
   (+5).
   It lets you turn invisible.
 N - the ring "Cyumauru" {rElec rPois rC- Int+2 Dex+2}
   (You found it on level 1 of the Crypt)

   [ring of intelligence]

   It affects your intelligence (+2).
   It affects your dexterity (+2).
   It makes you vulnerable to cold.
   It insulates you from electricity.
   It protects you from poison.
 V - a +5 amulet of reflection (around mantle)
 Z - the ring "Opiabuibb" (on tentacle) {+Blink rF+ MR+ Dex+2}
   (You bought it in a shop on level 14 of the Dungeon)

   [ring of dexterity]

   It affects your dexterity (+2).
   It protects you from fire.
   It affects your resistance to hostile enchantments.
   It lets you blink.
Wands
 i - a wand of hasting (0/9)
 n - a wand of heal wounds (4/9)
 D - a wand of digging (11/24)
 P - a wand of iceblast (2/15)
 R - a wand of hasting (4/9)
Scrolls
 j - 6 scrolls of fog
 m - 7 scrolls of magic mapping
 s - 9 scrolls of fear
 u - 11 scrolls of teleportation
 H - 8 scrolls of immolation
 I - 11 scrolls of identify
 L - 2 scrolls of recharging
 T - 4 scrolls of blinking
 Y - a scroll of enchant armour
Potions
 e - 4 potions of agility
 k - 4 potions of curing (quivered)
 x - 8 potions of heal wounds
 A - a potion of invisibility
 C - 7 potions of cancellation
 E - 2 potions of might
 G - a potion of brilliance
 J - 5 potions of ambrosia
 K - 4 potions of resistance
 O - 3 potions of haste
Books
 c - a book of Alchemy

   Spells                             Type                      Level
   a - Sublimation of Blood           Necromancy                   2
   b - Ignite Poison                  Fire/Transmutation/Poison    3
   c - Petrify                        Transmutation/Earth          4
   d - Alistair's Intoxication        Transmutation/Poison         5
   e - Irradiate                      Conjuration/Transmutation    5
 o - a manual of Charms
Miscellaneous
 r - 2 phantom mirrors
 w - 6 sacks of spiders
 F - a lamp of fire
 Q - a fan of gales
Comestibles
 d - 31 fruits
 f - 15 bread rations
 t - a meat ration


   Skills:
 - Level 12.3(11.8) Fighting
 - Level 9.0(8.6) Short Blades
   Level 11.3(10.8) Polearms
 - Level 12.3(11.8) Slings
 - Level 16.5(15.9) Dodging
 - Level 13.9(13.4) Stealth
 - Level 20.1(19.5) Shields
 - Level 10.0(9.5) Spellcasting
 + Level 14.0(13.4) Charms
 - Level 6.8(6.3) Summonings
 - Level 14.0(13.5) Translocations
 - Level 14.0(13.5) Air Magic
 - Level 9.4(8.9) Poison Magic
 + Level 21.4(20.8) Invocations
 - Level 0.7(0.3) Evocations


You had 6 spell levels left.
You knew the following spells:

 Your Spells              Type           Power        Failure   Level  Hunger
b - Apportation           Tloc           ######....   1%          1    None
c - Mephitic Cloud        Conj/Pois/Air  ######..     1%          3    None
d - Summon Forest         Summ/Tloc      ######....   2%          5    ####...
e - Controlled Blink      Tloc           N/A          97%         8    #######
f - Portal Projectile     Tloc           ######       1%          3    None
g - Summon Lightning Spi  Summ/Air       ######..     1%          4    #......
h - Deflect Missiles      Chrm/Air       ######....   3%          6    ######.
i - Ozocubu's Armour      Chrm/Ice       #####...     1%          3    None
j - Spectral Weapon       Hex/Chrm       #####...     1%          3    None
k - Song of Slaying       Chrm           ######..     1%          2    None
l - Shroud of Golubria    Chrm/Tloc      ######....   1%          2    None


Dungeon Overview and Level Annotations

Branches:
Dungeon (15/15)            Temple (1/1) D:7            Lair (6/6) D:10
  Swamp (4/4) Lair:3       Spider (4/4) Lair:4        Slime (5/5) Lair:6
    Orc (2/2) D:10            Elf (3/3) Orc:2        Vaults (5/5) D:14
  Crypt (3/3) Vaults:2       Tomb (0/3) Crypt:3      Depths (5/5) D:15
    Zot (0/5) Depths:5

Altars:
Ashenzari
Cheibriados
Dithmenos
Elyvilon
Fedhas
Gozag
Hepliaklqana
Kikubaaqudgha
Makhleb
Nemelex Xobeh
Okawaru
Qazlal
Ru
Sif Muna
Trog
Uskayaw
Vehumet
Xom
Yredelemnul
Zin
The Shining One
Jiyva
Lugonu

Shops:
D:5 *   D:6 *   D:9 !   D:10 ==(=   D:11 =   D:14 =(*   D:15 (   Orc:2 %:((
Elf:1 *   Elf:2 :[[(   Lair:4 !==   Depths:1 [   Depths:4 (

Portals:
Hell: Depths:1 Depths:2 Depths:3 Depths:4 Depths:5
Abyss: Depths:4 Depths:5
Pandemonium: Depths:1 Depths:3 Depths:4
Ziggurat: Depths:2
Trove: D:14 (give 12 potions of heal wounds)

Annotations:
Lair:4 exclusion: oklob plant
Swamp:2 Dolanko's ghost, journeyman DrGl
Swamp:4 Lernaean hydra
Elf:2 1 runed door


Innate Abilities, Weirdness & Mutations

You cannot wear most types of armour.
You are very stealthy in the water. (Stealth+)
You are amphibious.
You can wear up to eight rings at the same time.
You can use your tentacles to constrict eight enemies at once.
Your skin changes colour to match your surroundings (Stealth+).
Your rubbery body absorbs attacks. (AC +1, EV +1)
You have a beak for a mouth.
You are partially covered in iridescent scales. (AC +2)
You are partially covered in thin metallic scales. (AC +2)
Your flesh is heat resistant. (rF+)
Your natural rate of healing is unusually fast.
You are robust. (+10% HP)
You sometimes yell uncontrollably at your foes.
Your thick and shaggy fur keeps you warm. (AC +3, rC+)
Your muscles are strong. (Str +2)


Message History

The golden dragon bites you.
* * * LOW HITPOINT WARNING * * *
You block the golden dragon's attack.
The golden dragon completely misses you.
You block the red devil's attack.
The yaktaur shoots a bolt.
The bolt hits you!
* * * LOW HITPOINT WARNING * * *
You impale the golden dragon!! Your squeeze misses the golden dragon.
The golden dragon is almost dead.
You block the vault guard's attack.
Unknown command.
You impale the golden dragon!!
You kill the golden dragon!
Your base Charms skill increases to level 14!
You block the red devil's attack.
Unknown command.
The yaktaur unwields an uncursed arbalest.
You block the yaktaur's attack. You block the orc sorcerer's attack.
The vault guard hits you from afar with an enchanted bardiche!!
You die...
Xom chortles!

##.........####
...............
.....(<<.......
.....<))<).)...
.....)<<).4....
##################)...))..####
.....##......##..p)...)....#
.....##......##..4)#)...#.....
.##......##.....@c.#....##...(
.##......##......o.#....# ...#
.....##........))###....# (##
...†.##)........)###....# #
.##..........##.)(.#
.##..........##.)).#
.........##....))###
.........##......###....#
)....##......##((..#....#


You could see a vault guard, a yaktaur, an orc sorcerer and a red devil.

Vanquished Creatures
  the Royal Jelly (Slime:5)
  Mara (Spider:4)
  An ancient lich (Vaults:5)
  A greater mummy (Crypt:3)
  2 juggernauts (Depths:5)
  Margery (Vaults:5)
  8 golden dragons
  A bone dragon (Crypt:3)
  2 profane servitors (Crypt:3)
  Jorgrun (Spider:4)
  4 liches
  A tentacled monstrosity (Depths:5)
  2 titans
  A deep elf master archer (Elf:3)
  16 acid blobs
  Asterion (Elf:1)
  3 deep elf blademasters (Elf:3)
  4 quicksilver dragons
  Frances (Spider:2)
  4 sphinxes
  An ancient champion (Crypt:2)
  Kirke (Spider:4)
  5 storm dragons
  3 shadow dragons
  6 tengu reavers
  3 revenants
  Donald (Elf:1)
  12 azure jellies
  12 emperor scorpions
  7 deep elf sorcerers
  10 fire giants
  12 frost giants
  3 iron dragons
  A juggernaut zombie (Depths:4)
  An orc warlord (Vaults:3)
  4 ghost moths (Spider:4)
  15 vault wardens
  3 curse skulls
  8 deep elf elementalists
  13 ghouls
  A draconian shifter (Depths:5)
  Aizul (Crypt:1)
  4 spriggan defenders
  21 very ugly things
  A reaper (Crypt:3)
  17 ironheart preservers
  18 stone giants
  6 vampire knights
  5 entropy weavers
  9 deep elf demonologists
  2 green draconians (Depths:5)
  A white draconian (Depths:5)
  5 spark wasps
  16 deep elf annihilators
  A mottled draconian (Depths:5)
  18 ettins
  8 death oozes
  3 blizzard demons
  10 deep elf death magi
  A crystal guardian (Vaults:2)
  A minotaur (shapeshifter) (Depths:4)
  8 eidola
  10 fire dragons
  6 jiangshi
  14 yaktaur captains
  Fannar (D:11)
  25 vault guards
  11 ice dragons
  17 hydras
  10 deep elf high priests
  18 great orbs of eyes
  5 rakshasas
  6 catoblepae
  A ghost crab (Swamp:1)
  2 spriggan air magi
  7 centaur warriors
  17 death yaks
  7 death knights
  7 alligators
  8 tengu warriors
  16 ogre magi
  12 deep troll shamans
  12 deep troll earth magi
  3 spriggan berserkers
  5 vampire magi
  2 orc high priests
  3 hell knights
  3 soul eaters
  A fire crab (shapeshifter) (Depths:1)
  25 deep elf knights
  A titan skeleton (Crypt:2)
  A sixfirhy (Depths:1)
  25 skeletal warriors
  10 iron trolls
  A spriggan druid (Depths:1)
  4 glowing orange brains
  7 unseen horrors
  2 unseen horrors (shapeshifter)
  8 swamp dragons
  An iron giant zombie (Crypt:2)
  2 shambling mangroves (Swamp:3)
  12 deep elf archers
  19 ironbrand convokers
  5 wizards
  A hill giant (shapeshifter) (Vaults:1)
  32 deep trolls
  17 orc knights
  8 flayed ghosts
  8 hill giants
  2 lindwurms (D:11)
  An orb spider (shapeshifter) (Vaults:1)
  3 harpies (Vaults:2)
  6 necromancers
  19 orb spiders
  2 wolf spider zombies (Crypt:3)
  34 phantasmal warriors
  42 ugly things
  A hell hog zombie (Crypt:2)
  2 shining eyes
  An oklob plant (D:13)
  34 wolf spiders
  69 deep elf magi
  2 iron dragon zombies (Crypt:3)
  2 fire giant zombies
  A manticore (D:13)
  2 orc sorcerers
  9 cyclopes
  A sphinx skeleton (Crypt:2)
  11 elephants (Lair:6)
  2 moths of wrath
  8 black mambas
  4 fire giant skeletons
  A torpor snail (Spider:3)
  3 dire elephant zombies (Crypt:3)
  9 vault sentinels
  A rust devil (Depths:1)
  2 eyes of devastation
  A black mamba (shapeshifter) (Depths:5)
  An ice statue (IceCv)
  A titan simulacrum (Depths:4)
  Psyche (D:11)
  2 kobold demonologists
  A gargoyle (D:11)
  An elephant slug zombie (Crypt:2)
  3 centaur skeletons
  18 spiny frogs
  2 orange demons
  A grey draconian zombie (Crypt:1)
  A small abomination (Vaults:1)
  61 yaktaurs
  7 ice devils (IceCv)
  An efreet (D:15)
  10 komodo dragons
  A tormentor (Depths:4)
  4 anaconda simulacra (IceCv)
  A red draconian zombie (Crypt:2)
  6 tengu conjurers
  23 freezing wraiths
  12 demonic crawlers
  A red devil (Depths:4)
  3 golden dragon simulacra (IceCv)
  6 trolls
  A jumping spider (shapeshifter) (Vaults:1)
  27 jumping spiders
  4 polar bears
  A minotaur zombie (Crypt:1)
  6 tyrant leeches
  24 two-headed ogres
  A raiju (shapeshifter) (Vaults:3)
  A slime creature (shapeshifter) (Vaults:4)
  3 meliai (shapeshifter)
  A tarantella zombie (Crypt:2)
  25 hornets
  59 slime creatures
  5 bog bodies
  A hippogriff (shapeshifter) (Depths:1)
  2 fire dragon zombies (Crypt:3)
  11 hippogriffs
  10 blink frogs
  2 dream sheep (shapeshifter) (Vaults:5)
  The ghost of lupus83 the Cudgeler, an amateur GrFi (D:4)
  77 redbacks
  6 flying skulls (Crypt:2)
  11 spriggans
  3 air elementals
  2 dire elephant simulacra (IceCv)
  Sigmund (D:5)
  2 ice dragon zombies (Crypt:3)
  3 shadows
  29 tarantellas
  35 yaks
  A black mamba zombie (Crypt:3)
  2 water elementals
  10 wraiths
  3 fire elementals
  A fire bat (shapeshifter) (Depths:3)
  A basilisk (Lair:6)
  4 fire bats
  4 hogs (D:7)
  A human (D:7)
  A neqoxec (Depths:1)
  3 wyverns
  A hungry ghost (D:11)
  4 hogs (shapeshifter)
  An ushabti (Crypt:3)
  8 golden eyes
  A golden eye (shapeshifter) (Depths:5)
  3 elf skeletons
  9 vampire mosquitoes
  A steam dragon (D:8)
  8 wargs
  A torturous demonspawn zombie (Crypt:1)
  A mottled dragon (shapeshifter) (Depths:3)
  Menkaure (D:5)
  21 swamp worms
  A yaktaur simulacrum (Vaults:1)
  4 mottled dragons
  4 harpy simulacra (IceCv)
  An iron troll simulacrum (IceCv)
  2 soldier ants
  5 hydra simulacra (IceCv)
  An insubstantial wisp (Swamp:2)
  Duvessa (D:7)
  10 water moccasins
  A floating eye (shapeshifter) (Depths:3)
  2 hell hounds (D:11)
  10 porcupines
  7 swamp drakes
  4 sky beasts
  A manticore zombie (Crypt:3)
  44 orc warriors
  4 ice beasts
  19 necrophages
  2 black bears (D:11)
  The ghost of Dolanko the Slasher, an amateur DrGl (D:3)
  10 eyes of draining
  A phantom (D:5)
  An ogre (shapeshifter) (Depths:5)
  52 ogres
  9 boggarts
  2 eyes of draining (shapeshifter)
  7 wolves
  20 centaurs
  A blink frog skeleton (Crypt:2)
  15 crocodiles
  Blork the orc (D:5)
  2 crocodiles (shapeshifter)
  An elf simulacrum (Depths:3)
  5 big kobolds
  12 bullfrogs
  9 earth elementals
  Dowan (D:7)
  6 wyvern skeletons
  A troll zombie (Crypt:3)
  12 scorpions
  6 killer bees (D:11)
  6 electric eels
  2 vampire bats (D:11)
  A howler monkey (D:9)
  4 jellies
  A lava snake (Lair:3)
  A centaur zombie (D:7)
  4 crimson imps
  2 draconian simulacra (IceCv)
  2 bullfrog zombies
  A human simulacrum (Vaults:2)
  25 orc wizards
  19 orc priests
  A basilisk skeleton (Crypt:1)
  2 bullfrog skeletons
  9 hounds
  An iron imp (Depths:2)
  4 iguanas
  2 hell rats (D:11)
  A polar bear simulacrum (IceCv)
  17 worker ants
  A troll simulacrum (IceCv)
  2 wolf simulacra (IceCv)
  4 centaur simulacra (IceCv)
  A demigod skeleton (Crypt:1)
  2 hound zombies
  2 hound skeletons
  2 mummies (Crypt:3)
  4 worker ant zombies
  A howler monkey skeleton (D:4)
  A gnoll (D:1)
  12 adders
  4 naga simulacra (IceCv)
  An ogre simulacrum (IceCv)
  5 river rats
  2 shadow imps
  9 white imps
  6 ufetubi (IceCv)
  An adder zombie (D:9)
  2 adder skeletons (D:4)
  11 worms
  10 leopard geckos
  93 orcs
  A ball python (D:3)
  A bat zombie (Crypt:2)
  12 giant cockroaches
  11 goblins
  15 hobgoblins
  18 jackals
  17 kobolds
  4 quokkas
  A ball python skeleton (Crypt:2)
  17 bats
  7 frilled lizards
  A kobold (shapeshifter) (D:3)
  2 leopard gecko zombies (D:5)
  16 rats
  A bush (D:7)
  2 crawling corpses (Vaults:1)
  A plant (Lair:4)
  2 withered plants (Crypt:3)
2348 creatures vanquished.

Vanquished Creatures (collateral kills)
  A golden dragon (Depths:5)
  An acid blob (Slime:4)
  An azure jelly (Slime:4)
  A purple draconian (Depths:5)
  A white draconian (Depths:5)
  4 death oozes
  An ice dragon (Depths:4)
  2 vault guards (Vaults:5)
  A spriggan air mage (Depths:4)
  A phantasmal warrior (Crypt:3)
  A vault sentinel (Vaults:5)
  4 slime creatures
  A neqoxec (Depths:4)
  An orc warrior (D:5)
  A sky beast (D:6)
  A necrophage (Crypt:3)
  A bullfrog (D:7)
  An orc priest (D:5)
  A worker ant (D:5)
  An orc (D:7)
27 creatures vanquished.

Vanquished Creatures (others)
  2 deep elf master archers (Elf:3)
  A deep elf blademaster (Elf:3)
  8 stone giants
  A deep elf death mage (Elf:3)
  The ghost of flopdemafkees the Impaler, a journeyman MfSk of Okawaru (Orc:2)
  2 yaktaur captains
  A rakshasa (Vaults:3)
  2 centaur warriors
  32 dancing weapons
  3 deep elf knights
  An orc knight (Orc:2)
  4 deep elf archers
  An orb spider (Spider:4)
  A deep elf mage (Elf:3)
  6 yaktaurs
  6 dream sheep (Lair:5)
  A spriggan (Swamp:1)
  A redback (Spider:4)
  5 humans (Spider:4)
  A swamp worm (Lair:3)
  4 orc warriors (Orc:2)
  5 centaurs
  A boggart (Vaults:2)
  An orc priest (D:7)
  4 orcs
  3 kobolds
  A bush (Lair:6)
  7 fungi (Lair:6)
  4 pillars of salt
  26 plants
  8 snaplasher vines
  4 withered plants
148 creatures vanquished.

Grand Total: 2523 creatures vanquished

Notes
Turn   | Place    | Note
-------+----------+-------------------------------------------
     0 | D:1      | M4edhros the Octopode Chaos Knight began the quest for the Orb.
     0 | D:1      | Reached XP level 1. HP: 16/16 MP: 1/1
   328 | D:1      | XOM: divination: magic mapping
   644 | D:1      | XOM: mild Tmut miscast
   666 | D:1      | Reached XP level 2. HP: 20/21 MP: 2/2
   686 | D:1      | XOM: divination: detect items
   842 | D:1      | Reached XP level 3. HP: 26/26 MP: 3/3
  1262 | D:1      | XOM: divination: detect creatures
  1361 | D:1      | XOM: give mutations
  1361 | D:1      | Gained mutation: Your mind is acute. (Int +2) [Xom's grace]
  1361 | D:1      | Gained mutation: You are partially covered in iridescent scales. (AC +2) [Xom's grace]
  1361 | D:1      | Gained mutation: Your mind is very acute. (Int +4) [Xom's grace]
  1361 | D:1      | Gained mutation: You are robust. (+10% HP) [Xom's grace]
  1638 | D:1      | XOM: give mutations
  1638 | D:1      | Gained mutation: Your flesh is heat resistant. (rF+) [Xom's grace]
  1638 | D:1      | Gained mutation: You passively map a small area around you. [Xom's grace]
  1961 | D:1      | XOM: give mutations
  1961 | D:1      | Gained mutation: You are partially covered in thin metallic scales. (AC +2) [Xom's grace]
  1961 | D:1      | Gained mutation: You are partially covered in large bone plates. (SH +4) [Xom's grace]
  1961 | D:1      | Gained mutation: You passively map the area around you. [Xom's grace]
  1961 | D:1      | Gained mutation: You are covered in fur. (AC +1) [Xom's grace]
  2441 | D:2      | XOM: 2-stop teleportation journey
  2453 | D:2      | XOM: give mutations
  2453 | D:2      | Gained mutation: You are very robust. (+20% HP) [Xom's grace]
  2453 | D:2      | Gained mutation: You possess an exceptional clarity of mind. [Xom's grace]
  2559 | D:2      | XOM: harmless Air miscast
  2640 | D:2      | XOM: divination: detect creatures
  3500 | D:2      | XOM: divination: detect creatures
  3510 | D:2      | Reached XP level 4. HP: 37/37 MP: 4/4
  4776 | D:2      | XOM: god gift: pearl ring {god gift}
  4794 | D:2      | Reached skill level 5 in Polearms
  4845 | D:2      | XOM: cloud trail
  4896 | D:2      | XOM: god gift: mace {god gift}
  5345 | D:2      | XOM: give mutations
  5345 | D:2      | Gained mutation: You are covered in thick fur. (AC +2) [Xom's grace]
  5345 | D:2      | Gained mutation: One of your tentacles bears a spike. [Xom's grace]
  5345 | D:2      | Gained mutation: Your spells are a little harder to cast, but a little more powerful. [Xom's grace]
  5345 | D:2      | Gained mutation: You have a pair of small antennae on your head. [Xom's grace]
  5553 | D:3      | Noticed Dolanko's ghost (amateur DrGl)
  5567 | D:3      | Killed Dolanko's ghost
  5567 | D:3      | Reached XP level 5. HP: 43/43 MP: 5/5
  5685 | D:3      | XOM: 1-stop teleportation journey
  5688 | D:3      | XOM: scenery: create altars
  5802 | D:3      | XOM: 2-stop teleportation journey
  5825 | D:3      | XOM: severe Erth miscast
  6068 | D:3      | Found a burning altar of Makhleb.
  6068 | D:3      | Found a stormy altar of Qazlal.
  6068 | D:3      | XOM: 6-stop teleportation journey
  6203 | D:3      | XOM: give mutations
  6203 | D:3      | Gained mutation: You evolve. [Xom's grace]
  6203 | D:3      | Gained mutation: You are resistant to hostile enchantments. (MR+) [Xom's grace]
  6203 | D:3      | Gained mutation: You are agile. (Dex +2) [Xom's grace]
  6203 | D:3      | Lost mutation: You evolve. [Xom's grace]
  6203 | D:3      | Gained mutation: You are somewhat resistant to further mutation. [Xom's grace]
  6252 | D:3      | XOM: god gift: 8 silver javelins
  6529 | D:3      | Reached XP level 6. HP: 49/50 MP: 6/6
  6658 | D:3      | XOM: divination: magic mapping
  6915 | D:3      | XOM: scenery: create altars
  7130 | D:4      | Found a snail-covered altar of Cheibriados.
  7173 | D:4      | XOM: god gift: meat ration
  7424 | D:4      | XOM: scenery: create altars
  7454 | D:4      | Noticed lupus83's ghost (amateur GrFi)
  7467 | D:4      | XOM: confuse monster(s)
  7473 | D:4      | XOM: fog
  7483 | D:4      | XOM: fake destruction
  7489 | D:4      | XOM: potion effect (might)
  7491 | D:4      | XOM: divination: detect creatures
  7494 | D:4      | Killed lupus83's ghost
  7572 | D:4      | Reached XP level 7. HP: 53/55 MP: 7/7
  7804 | D:4      | XOM: god gift: 14 royal jellies
  8077 | D:4      | XOM: divine lightning (protected)
  8390 | D:4      | XOM: divination: detect creatures
  8571 | D:4      | XOM: god gift: paperback book {god gift}
  8695 | D:4      | Learned a level 2 spell: Repel Missiles
  8884 | D:4      | XOM: cloud trail
  8906 | D:4      | XOM: god gift: scroll labeled UWULUL UNTEF {god gift}
  9088 | D:4      | XOM: harmless Tloc miscast
  9665 | D:5      | Entered Level 5 of the Dungeon
  9830 | D:5      | Noticed Menkaure
  9838 | D:5      | XOM: divination: detect items
  9842 | D:5      | Killed Menkaure
  9854 | D:5      | XOM: summons friendly quasit
  9861 | D:5      | Cast into level 1 of the Abyss (orc priest)
  9873 | Abyss:1  | Found a corrupted altar of Lugonu.
  9891 | Abyss:1  | Found a corrupted altar of Lugonu.
  9922 | D:5      | Escaped the Abyss
  9932 | D:5      | XOM: potion effect (brilliance)
  9949 | D:5      | XOM: cast spell 'Ice Form'
  9951 | D:5      | XOM: divination: magic mapping
 10076 | D:4      | XOM: cloud trail
 10244 | D:5      | XOM: polymorph orc priest -> worker ant
 10337 | D:5      | Noticed Blork the orc
 10357 | D:5      | Found a glowing silver altar of Zin.
 10411 | D:5      | Killed Blork the orc
 10411 | D:5      | Reached XP level 8. HP: 64/64 MP: 8/8
 10587 | D:5      | Found Taocrubb's Serpentskin Sales.
 10591 | D:5      | XOM: enchant monster (good)
 10631 | D:5      | Found a sparkling altar of Nemelex Xobeh.
 10699 | D:5      | Noticed Sigmund
 10709 | D:5      | Killed Sigmund
 11114 | D:5      | XOM: confuse monster(s)
 11166 | D:5      | XOM: polymorph orc -> leopard gecko
 11195 | D:5      | XOM: divination: detect items
 11253 | D:5      | Reached skill level 5 in Fighting
 11639 | D:5      | XOM: divination: magic mapping
 11674 | D:5      | XOM: give mutations
 11674 | D:5      | Lost mutation: Your spells are a little harder to cast, but a little more powerful. [Xom's mischief]
 11674 | D:5      | Lost mutation: You are somewhat resistant to further mutation. [Xom's mischief]
 11800 | D:6      | Reached skill level 5 in Dodging
 11942 | D:6      | XOM: mild Ice miscast
 11990 | D:6      | Found a hazy altar of Hepliaklqana.
 12166 | D:6      | XOM: noise
 12173 | D:6      | XOM: summons 8 friendly demons
 12176 | D:6      | Reached skill level 1 in Shields
 12196 | D:6      | Found an opulent altar of Gozag.
 12197 | D:6      | Found Gozag's Platinum Reserve.
 12243 | D:6      | Noticed a hippogriff
 12260 | D:6      | Killed a hippogriff
 12260 | D:6      | Reached XP level 9. HP: 59/74 MP: 9/9
 12360 | D:6      | Found a shimmering altar of Xom.
 12655 | D:6      | XOM: cleaving
 12665 | D:6      | XOM: enchant monster (bad)
 12749 | D:6      | XOM: medium Hex miscast
 13021 | D:6      | XOM: blink monster(s)
 13279 | D:6      | Found an iron altar of Okawaru.
 13347 | D:6      | XOM: mild Hex miscast
 13355 | D:7      | Lost mutation: Your mind is very acute. (Int +4) [potion of cure mutation]
 13355 | D:7      | Lost mutation: One of your tentacles bears a spike. [potion of cure mutation]
 13355 | D:7      | Lost mutation: You have a pair of small antennae on your head. [potion of cure mutation]
 13355 | D:7      | Lost mutation: Your mind is acute. (Int +2) [potion of cure mutation]
 13355 | D:7      | Lost mutation: You are agile. (Dex +2) [potion of cure mutation]
 13398 | D:7      | XOM: medium Divn miscast
 13403 | D:7      | Found a blossoming altar of Fedhas.
 13597 | D:7      | XOM: harmless Erth miscast
 13619 | D:7      | Noticed Duvessa
 13621 | D:7      | Noticed Dowan
 13632 | D:7      | Killed Duvessa
 13634 | D:7      | Killed Dowan
 13691 | D:7      | Reached skill level 5 in Shields
 13770 | D:7      | Found a basalt altar of Yredelemnul.
 13772 | D:7      | Noticed a profane servitor
 13983 | D:7      | Found a shattered altar of Ashenzari.
 13992 | D:7      | XOM: enchant monster (bad)
 14088 | D:7      | XOM: confuse monster(s)
 14169 | D:7      | Found a staircase to the Ecumenical Temple.
 14213 | D:7      | Reached XP level 10. HP: 82/82 MP: 10/10
 14434 | D:7      | Reached skill level 10 in Polearms
 14525 | D:7      | Found a glowing golden altar of the Shining One.
 14616 | D:7      | XOM: give mutation
 14616 | D:7      | Lost mutation: You possess an exceptional clarity of mind. [Xom's mischief]
 14656 | D:7      | Noticed an angel
 14703 | D:7      | XOM: mild Erth miscast
 14744 | D:8      | XOM: noise
 14867 | D:8      | Killed an unseen horror
 14883 | D:8      | XOM: summons 3 hostile shadow creatures
 14964 | D:9      | XOM: 7-stop teleportation journey
 15115 | Temple   | Entered the Ecumenical Temple
 15803 | Temple   | XOM: god gift: 8 needles of sleeping
 16650 | Temple   | XOM: give mutations
 16650 | Temple   | Gained mutation: Your system is resistant to poisons. (rPois) [Xom's grace]
 16650 | Temple   | Gained mutation: Your natural rate of healing is unusually fast. [Xom's grace]
 16779 | Temple   | XOM: 2-stop teleportation journey
 17017 | Temple   | XOM: harmless Erth miscast
 17026 | Temple   | XOM: torment (44/85 hp)
 17524 | Temple   | XOM: scenery: create altars
 17779 | Temple   | XOM: harmless Air miscast
 17999 | Temple   | XOM: noise
 18135 | Temple   | XOM: harmless Ice miscast
 18152 | Temple   | XOM: draining
 18236 | Temple   | XOM: 5-stop teleportation journey
 18240 | Temple   | XOM: medium Hex miscast
 19065 | Temple   | XOM: draining
 19420 | Temple   | XOM: give mutations
 19420 | Temple   | Lost mutation: You are resistant to hostile enchantments. (MR+) [Xom's mischief]
 19420 | Temple   | Lost mutation: You are very robust. (+20% HP) [Xom's mischief]
 19420 | Temple   | Lost mutation: You passively map the area around you. [Xom's mischief]
 19420 | Temple   | Lost mutation: You are robust. (+10% HP) [Xom's mischief]
 19482 | Temple   | XOM: summons 5 hostile demons
 19563 | D:7      | XOM: summons 5 hostile demons
 19817 | Temple   | XOM: mild Tmut miscast
 19902 | Temple   | XOM is BORED!
 20397 | Temple   | XOM: harmless Erth miscast
 20532 | Temple   | XOM: 3-stop teleportation journey
 21231 | Temple   | XOM: 3-stop teleportation journey
 21386 | Temple   | XOM: give mutations
 21386 | Temple   | Gained mutation: Scrolls take you a little longer to read. [Xom's mischief]
 21386 | Temple   | Lost mutation: Your flesh is heat resistant. (rF+) [Xom's mischief]
 21386 | Temple   | Lost mutation: Scrolls take you a little longer to read. [Xom's mischief]
 22941 | Temple   | XOM: medium Tmut miscast
 23203 | Temple   | XOM is BORED!
 23203 | Temple   | XOM: noise
 23818 | Temple   | XOM: harmless Tmut miscast
 24081 | Temple   | XOM is BORED!
 24081 | Temple   | XOM: harmless Air miscast
 24182 | Temple   | XOM: divination: detect creatures
 24212 | Temple   | XOM: harmless Necr miscast
 24904 | Temple   | XOM: harmless Fire miscast
 24969 | Temple   | XOM is BORED!
 24969 | Temple   | XOM: mild Erth miscast
 25332 | Temple   | XOM: god gift: thick jewelled staff {god gift}
 25428 | Temple   | XOM: 2-stop teleportation journey
 25624 | Temple   | XOM: noise
 25663 | Temple   | XOM: god gift: ring mail {god gift}
 26215 | Temple   | XOM: cast spell 'Hydra Form'
 27093 | Temple   | XOM: mild Hex miscast
 27153 | Temple   | XOM: 5-stop teleportation journey
 27793 | Temple   | XOM: harmless Conj miscast
 28733 | Temple   | XOM is BORED!
 28775 | Temple   | XOM: 1-stop teleportation journey
 28995 | Temple   | XOM: harmless Tloc miscast
 29100 | Temple   | XOM: give mutations
 29100 | Temple   | Gained mutation: Scrolls take you a little longer to read. [Xom's mischief]
 29100 | Temple   | Gained mutation: You are clumsy. (Dex -2) [Xom's mischief]
 29185 | Temple   | XOM: harmless Erth miscast
 29411 | Temple   | XOM: medium Air miscast
 29856 | Temple   | XOM: 1-stop teleportation journey
 30563 | Temple   | XOM: silly message
 30648 | Temple   | XOM: summons 5 hostile demons
 31248 | Temple   | XOM: cloud trail
 31273 | Temple   | XOM is BORED!
 31273 | Temple   | XOM: mild Tloc miscast
 31516 | Temple   | XOM: 3-stop teleportation journey
 31807 | Temple   | XOM: divination: magic mapping
 31944 | Temple   | XOM: give mutations
 31944 | Temple   | Gained mutation: You possess an exceptional clarity of mind. [Xom's grace]
 31944 | Temple   | Gained mutation: You are robust. (+10% HP) [Xom's grace]
 31951 | Temple   | XOM: cloud trail
 31995 | Temple   | XOM: noise
 32780 | Temple   | XOM: cloud trail
 32941 | Temple   | XOM: harmless Tloc miscast
 33259 | Temple   | XOM is BORED!
 33259 | Temple   | XOM: medium Summ miscast
 33933 | Temple   | XOM: 2-stop teleportation journey
 34003 | Temple   | XOM is BORED!
 34003 | Temple   | XOM: medium Necr miscast
 34554 | Temple   | XOM: silly message
 34687 | Temple   | XOM: give mutations
 34687 | Temple   | Gained mutation: Your mind is acute. (Int +2) [Xom's grace]
 34687 | Temple   | Gained mutation: You are very robust. (+20% HP) [Xom's grace]
 34687 | Temple   | Lost mutation: Scrolls take you a little longer to read. [Xom's grace]
 34687 | Temple   | Gained mutation: You have supernaturally acute eyesight. (SInv) [Xom's grace]
 34959 | Temple   | XOM: give mutations
 34959 | Temple   | Gained mutation: You have a beak for a mouth. [Xom's grace]
 34959 | Temple   | Gained mutation: Your flesh is cold resistant. (rC+) [Xom's grace]
 34959 | Temple   | Gained mutation: You can translocate small distances at will. [Xom's grace]
 35289 | Temple   | XOM: scenery: create altars
 36589 | Temple   | XOM is BORED!
 36589 | Temple   | XOM: mild Fire miscast
 37423 | Temple   | XOM: divination: detect items
 37501 | Temple   | XOM: give mutations
 37501 | Temple   | Gained mutation: You are resistant to hostile enchantments. (MR+) [Xom's grace]
 37501 | Temple   | Gained mutation: One of your tentacles bears a spike. [Xom's grace]
 37553 | Temple   | XOM: mild Tmut miscast
 37585 | Temple   | XOM: harmless Fire miscast
 38423 | Temple   | XOM: god gift: book of Death
 38554 | Temple   | XOM: harmless Pois miscast
 38629 | Temple   | XOM: give mutations
 38629 | Temple   | Lost mutation: Your system is resistant to poisons. (rPois) [Xom's mischief]
 38629 | Temple   | Lost mutation: You have supernaturally acute eyesight. (SInv) [Xom's mischief]
 40498 | Temple   | XOM is BORED!
 40498 | Temple   | XOM: mild Hex miscast
 41302 | Temple   | XOM: divination: detect creatures
 41539 | Temple   | XOM: divination: detect items
 42422 | Temple   | XOM: scenery: create altars
 43690 | Temple   | XOM is BORED!
 43886 | Temple   | XOM: give mutations
 43886 | Temple   | Lost mutation: You are resistant to hostile enchantments. (MR+) [Xom's mischief]
 43886 | Temple   | Lost mutation: One of your tentacles bears a spike. [Xom's mischief]
 44114 | Temple   | XOM: cloud trail
 44359 | Temple   | XOM: mild Air miscast
 44980 | Temple   | XOM: 6-stop teleportation journey
 45090 | Temple   | XOM: mild Tloc miscast
 45321 | Temple   | XOM: 2-stop teleportation journey
 45807 | D:8      | XOM: mild Air miscast
 45876 | D:8      | XOM: divination: magic mapping
 45921 | D:8      | XOM: enchant monster (bad)
 45983 | D:8      | XOM: summons friendly white imp
 45995 | D:8      | XOM: potion effect (brilliance)
 46218 | D:8      | XOM: cast spell 'Necromutation'
 46274 | D:8      | XOM: harmless Necr miscast
 46290 | D:8      | Found an ancient bone altar of Kikubaaqudgha.
 46293 | D:8      | Found a blossoming altar of Fedhas.
 46315 | D:8      | XOM: mild Fire miscast
 46349 | D:8      | Found a sacrificial altar of Ru.
 46376 | D:8      | XOM: noise
 46473 | D:6      | Fell from the grace of Xom
 46473 | D:6      | Became a worshipper of Gozag Ym Sagoz the Greedy
 46821 | D:9      | XOM: give mutations
 46821 | D:9      | Lost mutation: Your mind is acute. (Int +2) [Xom's mischief]
 46821 | D:9      | Lost mutation: Your flesh is cold resistant. (rC+) [Xom's mischief]
 46821 | D:9      | Gained mutation: Your body sometimes deteriorates upon taking damage. [Xom's mischief]
 46941 | D:7      | You fall through a shaft!
 47077 | D:9      | XOM: severe Tmut miscast
 47077 | D:9      | Gained mutation: Your magical capacity is low. (-10% MP) [the severe capriciousness of Xom]
 47077 | D:9      | Gained mutation: You are dopey. (Int -2) [the severe capriciousness of Xom]
 47095 | D:9      | Found Qeku Pimm's Distillery.
 47146 | D:9      | Bought 2 potions of mutation for 60 gold pieces
 47146 | D:9      | Lost mutation: You are very robust. (+20% HP) [potion of mutation]
 47147 | D:9      | Lost mutation: Your magical capacity is low. (-10% MP) [potion of mutation]
 47148 | D:9      | Lost mutation: You are dopey. (Int -2) [potion of mutation]
 47148 | D:9      | Gained mutation: You are somewhat resistant to further mutation. [potion of mutation]
 47186 | D:9      | Reached XP level 11. HP: 83/83 MP: 11/11
 47532 | D:9      | XOM: cloud trail
 47627 | D:9      | Found a bloodstained altar of Trog.
 47627 | D:9      | Found a deep blue altar of Sif Muna.
 47667 | D:10     | Entered Level 10 of the Dungeon
 47693 | D:10     | XOM: give mutation
 47693 | D:10     | Lost mutation: Your body sometimes deteriorates upon taking damage. [Xom's mischief]
 47719 | D:10     | Found a staircase to the Lair.
 47764 | D:10     | XOM: stat loss: -3 Str (8/11)
 47931 | D:10     | Lost mutation: You possess an exceptional clarity of mind. [potion of mutation]
 48022 | D:10     | Found a staircase to the Orcish Mines.
 48208 | D:10     | Noticed a hill giant
 48220 | D:10     | Killed a hill giant
 48515 | D:11     | Noticed a death knight
 48906 | D:11     | Noticed Psyche
 48914 | D:11     | Killed Psyche
 48943 | D:11     | Noticed Fannar
 48996 | D:11     | Killed Fannar
 49075 | D:11     | Killed an unseen horror
 49075 | D:11     | Reached skill level 10 in Shields
 49189 | D:11     | Reached XP level 12. HP: 92/92 MP: 12/12
 49613 | D:11     | Killed a death knight
 49614 | D:11     | XOM: give mutation
 49614 | D:11     | Lost mutation: You are clumsy. (Dex -2) [Xom's mischief]
 49777 | D:11     | XOM: torment (55/93 hp)
 50039 | D:11     | Bought a +5 amulet of reflection for 325 gold pieces
 50762 | D:12     | XOM: summons 4 hostile demons
 51253 | D:12     | You fall through a shaft!
 51272 | D:13     | Noticed a centaur warrior
 51327 | D:13     | Killed a centaur warrior
 51383 | D:13     | Noticed a death knight
 51410 | D:13     | Reached skill level 10 in Fighting
 51553 | D:13     | XOM: summons 3 hostile demons
 51581 | D:12     | XOM: mild Ice miscast
 51614 | D:13     | Killed a death knight
 51742 | D:13     | Reached skill level 10 in Dodging
 51751 | D:13     | Reached XP level 13. HP: 34/101 MP: 13/13
 51864 | D:13     | Found an ancient bone altar of Kikubaaqudgha.
 52649 | D:14     | Noticed an ettin
 52738 | D:14     | Reached skill level 1 in Slings
 52749 | D:14     | Found a sparkling altar of Nemelex Xobeh.
 52979 | D:14     | Found a portal to a secret trove of treasure.
 53018 | D:14     | Bought the ring "Opiabuibb" {+Blink rF+ MR+ Dex+2} for 375 gold pieces
 53170 | Lair:1   | Entered Level 1 of the Lair of Beasts
 53340 | Lair:1   | Reached skill level 5 in Slings
 53612 | Lair:1   | Identified a scroll of acquirement
 53863 | Lair:1   | XOM: god gift: copper wand {god gift}
 54175 | Lair:2   | XOM: 1-stop teleportation journey
 54328 | Lair:2   | XOM: give mutations
 54328 | Lair:2   | Lost mutation: You passively map a small area around you. [Xom's mischief]
 54328 | Lair:2   | Gained mutation: You are weak. (Str -2) [Xom's mischief]
 54328 | Lair:2   | Lost mutation: You are somewhat resistant to further mutation. [Xom's mischief]
 54328 | Lair:2   | Gained mutation: Your thick and shaggy fur keeps you warm. (AC +3, rC+) [Xom's mischief]
 54384 | Lair:2   | XOM: stat loss: -1 Int (14/15)
 54398 | Lair:2   | Learned a level 1 spell: Apportation
 54740 | Lair:2   | XOM: summons 2 hostile demons
 55081 | Lair:3   | XOM: give mutations
 55081 | Lair:3   | Lost mutation: You are weak. (Str -2) [Xom's mischief]
 55081 | Lair:3   | Lost mutation: You are partially covered in large bone plates. (SH +4) [Xom's mischief]
 55355 | Lair:3   | XOM: give mutations
 55355 | Lair:3   | Lost mutation: You can translocate small distances at will. [Xom's mischief]
 55355 | Lair:3   | Gained mutation: You occasionally shout uncontrollably at your foes. [Xom's mischief]
 55355 | Lair:3   | Lost mutation: You occasionally shout uncontrollably at your foes. [Xom's mischief]
 55455 | Lair:3   | XOM: give mutations
 55455 | Lair:3   | Gained mutation: You occasionally shout uncontrollably at your foes. [Xom's mischief]
 55455 | Lair:3   | Gained mutation: You are weak. (Str -2) [Xom's mischief]
 55488 | Lair:3   | Found a staircase to the Swamp.
 55921 | Swamp:1  | Entered Level 1 of the Swamp
 55951 | Lair:3   | XOM: medium Air miscast
 56302 | Lair:4   | Reached XP level 14. HP: 108/108 MP: 14/14
 56521 | Lair:4   | Found a hole to the Spider Nest.
 56920 | Lair:4   | XOM: severe Erth miscast
 56970 | Lair:4   | XOM: summons 2 hostile demons
 57124 | Lair:5   | Reached skill level 15 in Shields
 57416 | Lair:5   | Found a shimmering altar of Xom.
 57418 | Lair:5   | XOM: summons 14 hostile demons
 57418 | Lair:5   | Was forgiven by Xom
 57662 | Lair:6   | Entered Level 6 of the Lair of Beasts
 58081 | Lair:6   | Found a viscous altar of Jiyva.
 58136 | Lair:6   | Found a staircase to the Slime Pits.
 58162 | Lair:6   | Reached XP level 15. HP: 114/114 MP: 15/15
 59649 | Lair:6   | Reached XP level 16. HP: 107/121 MP: 16/16
 59876 | Lair:6   | Got a crystal rapier
 59877 | Lair:6   | Identified the cursed +0 rapier of Oozing Pus {venom, +Inv Str+2 Int+4} (You found it on level 6 of the Lair of Beasts)
 60253 | Orc:1    | Entered Level 1 of the Orcish Mines
 60253 | Orc:1    | Found a shimmering altar of Xom.
 60433 | Orc:2    | Entered Level 2 of the Orcish Mines
 60447 | Orc:2    | Noticed flopdemafkees's ghost (journeyman MfSk)
 61443 | Orc:2    | Found a staircase to the Elven Halls.
 61670 | Orc:2    | Killed flopdemafkees's ghost
 61674 | Orc:2    | Found Zivabrut's Weapon Boutique.
 61674 | Orc:2    | Found Lonocs's Book Shoppe.
 61674 | Orc:2    | Found Enerrics's Weapon Shop.
 61674 | Orc:2    | Found Dualausuh's Food Emporium.
 62263 | D:10     | Bought an uncursed ring of poison resistance for 240 gold pieces
 63752 | Swamp:2  | Noticed Dolanko's ghost (journeyman DrGl)
 64324 | Swamp:3  | Reached skill level 1 in Stealth
 64603 | Swamp:3  | Reached skill level 1 in Air Magic
 65139 | Swamp:4  | Entered Level 4 of the Swamp
 65746 | Swamp:4  | Noticed the 27-headed Lernaean hydra
 65769 | Swamp:4  | Reached skill level 5 in Stealth
 65769 | Swamp:4  | Reached XP level 17. HP: 89/127 MP: 17/17
 66252 | Spider:1 | Entered Level 1 of the Spider Nest
 67025 | Spider:2 | Noticed Frances
 67081 | Spider:2 | Killed Frances
 67418 | Spider:2 | Lost mutation: You are weak. (Str -2) [potion of mutation]
 67784 | Spider:2 | Reached skill level 10 in Slings
 69611 | Spider:4 | Entered Level 4 of the Spider Nest
 69611 | Spider:4 | Noticed Kirke
 69621 | Spider:4 | Killed Kirke
 69621 | Spider:4 | Reached skill level 10 in Stealth
 69621 | Spider:4 | Reached XP level 18. HP: 129/134 MP: 18/18
 69732 | Spider:4 | Noticed Mara
 69861 | Spider:4 | Found a frozen archway.
 69887 | IceCv    | Entered an ice cave
 71813 | Spider:4 | Got a gossamer rune of Zot
 71949 | Spider:4 | Noticed Jorgrun
 71963 | Spider:4 | Killed Jorgrun
 72010 | Spider:4 | Noticed M4edhros's illusion
 72039 | Spider:4 | Killed Mara
 72747 | Elf:1    | Entered Level 1 of the Elven Halls
 72903 | Elf:1    | Found Ickey's General Store.
 72924 | Elf:1    | Noticed Donald
 72939 | Elf:1    | Killed Donald
 73048 | Elf:1    | Reached XP level 19. HP: 144/144 MP: 19/19
 73115 | Elf:1    | Identified the Volume of Arcane Weapons
 73131 | Elf:1    | Learned a level 3 spell: Mephitic Cloud
 73264 | Elf:1    | Reached skill level 1 in Poison Magic
 73273 | Elf:1    | Reached skill level 1 in Spellcasting
 73388 | Elf:1    | Noticed Asterion
 73437 | Elf:1    | Killed Asterion
 73501 | Elf:1    | Got a faintly humming shield
 73513 | Elf:1    | Identified the +5 shield of Grace {rC+ Regen+} (You took it off Asterion on level 1 of the Elven Halls)
 73913 | Elf:2    | Found Gailed's Weapon Emporium.
 73914 | Elf:2    | Found Kixidduu's Armour Emporium.
 73914 | Elf:2    | Found Rimaran's Armour Shoppe.
 73924 | Elf:2    | Found Noege's Book Shoppe.
 74521 | Elf:2    | Found a runed door.
 74557 | Elf:2    | Found a runed door.
 74684 | Elf:2    | Reached skill level 5 in Poison Magic
 74731 | Elf:2    | Reached skill level 5 in Air Magic
 75397 | Elf:3    | Entered Level 3 of the Elven Halls
 75972 | Elf:3    | Reached skill level 5 in Spellcasting
 76065 | Elf:3    | Noticed a Brimstone Fiend
 76068 | Elf:3    | Reached XP level 20. HP: 136/151 MP: 27/27
 76081 | Elf:3    | Noticed a Tzitzimitl
 76686 | Elf:3    | Reached skill level 15 in Dodging
 77117 | Elf:3    | Noticed a Brimstone Fiend
 77117 | Elf:3    | Reached skill level 1 in Charms
 77651 | Elf:3    | Got a bound silver ring
 77881 | Elf:3    | Identified the Incunabulum of the Arsonist and the Frostbite
 77888 | Elf:3    | Identified the Collected Works on the Escort
 78006 | Elf:3    | Learned a level 5 spell: Summon Forest
 78050 | Elf:3    | Identified the ring of Osatukot {Ice *Contam Str+9 Stlth+} (You took it off a deep elf demonologist on level 3 of the Elven Halls)
 78054 | Elf:3    | Got a warped copper ring
 78172 | Elf:3    | Identified the ring "Ruilu" {rElec rC+ Int-5 Stlth-} (You took it off a deep elf high priest on level 3 of the Elven Halls)
 78468 | Lair:4   | Bought the ring of Betahit {+Inv Dex+5 Slay+5} for 1289 gold pieces
 78700 | D:14     | Reached skill level 5 in Charms
 79018 | D:14     | Reached skill level 1 in Translocations
 79025 | D:14     | Reached skill level 1 in Summonings
 79027 | D:14     | Reached XP level 21. HP: 157/158 MP: 32/32
 79087 | D:14     | Found a gate to the Vaults.
 79415 | D:15     | Entered Level 15 of the Dungeon
 79423 | D:15     | Found Mukeghipeng's Weapon Emporium.
 79842 | D:15     | Found a staircase to the Depths.
 80199 | Depths:1 | Entered Level 1 of the Depths
 80584 | Depths:1 | Found Gysch's Armour Boutique.
 80966 | Depths:1 | Found a gateway to Hell.
 81065 | Depths:1 | Gained mutation: Your spells are a little easier to cast, but a little less powerful. [a neqoxec]
 81084 | Depths:1 | Found a one-way gate leading to the halls of Pandemonium.
 81315 | Depths:2 | Found a gateway to a ziggurat.
 82498 | Depths:3 | Reached skill level 5 in Summonings
 82727 | Depths:3 | Got a clouded ivory amulet
 82780 | Depths:2 | Reached skill level 5 in Translocations
 82781 | Depths:2 | Identified the amulet of Olych {RegenMP Str+2 Slay+4} (You found it on level 3 of the Depths)
 82888 | D:14     | Bought the ring "Gidezyem" {MR+ Int+10} for 583 gold pieces
 83190 | Depths:3 | Reached XP level 22. HP: 165/165 MP: 35/35
 83264 | Depths:3 | Noticed a golden dragon
 83313 | Depths:3 | Killed a golden dragon
 83313 | Depths:3 | Reached skill level 10 in Spellcasting
 83332 | Depths:3 | Noticed a golden dragon
 83378 | Depths:3 | Killed a golden dragon
 83458 | Depths:3 | Lost mutation: Your spells are a little easier to cast, but a little less powerful. [potion of mutation]
 83458 | Depths:3 | Gained mutation: You sometimes yell uncontrollably at your foes. [potion of mutation]
 83685 | Depths:3 | Reached skill level 10 in Air Magic
 84753 | Depths:4 | Found Ywohir's Antique Weapon Emporium.
 85060 | Depths:4 | Found a one-way gate to the infinite horrors of the Abyss.
 85849 | Depths:4 | Reached XP level 23. HP: 113/170 MP: 34/37
 86325 | Depths:4 | Learned a level 8 spell: Controlled Blink
 86329 | Depths:4 | Learned a level 3 spell: Portal Projectile
 86553 | Depths:4 | Noticed a golden dragon
 86570 | Depths:4 | Killed a golden dragon
 86651 | Depths:5 | Entered Level 5 of the Depths
 87606 | Depths:5 | Noticed a golden dragon
 87606 | Depths:5 | Reached skill level 10 in Translocations
 87627 | Depths:5 | Killed a golden dragon
 87910 | Depths:5 | Noticed a juggernaut
 87933 | Depths:5 | Noticed a golden dragon
 87943 | Depths:5 | Killed a juggernaut
 87971 | Depths:5 | Killed a golden dragon
 88081 | Depths:5 | Noticed a golden dragon
 88096 | Depths:5 | Killed a golden dragon
 88449 | Depths:5 | Reached XP level 24. HP: 99/177 MP: 37/37
 88725 | Depths:5 | Noticed a juggernaut
 88743 | Depths:5 | Killed a juggernaut
 88765 | Depths:5 | Found a gate to the Realm of Zot.
 89322 | Lair:4   | Bought the ring "Duujud" {rElec rN+ Str+7} for 487 gold pieces
 89707 | D:14     | Bought the ring "Vohatidd" {rF+ rC+ MR+} for 506 gold pieces
 90068 | Slime:1  | Entered Level 1 of the Pits of Slime
 90298 | Slime:1  | Reached skill level 10 in Charms
 91100 | Slime:5  | Entered Level 5 of the Pits of Slime
 91169 | Slime:5  | Found a viscous altar of Jiyva.
 91170 | Slime:5  | Noticed the Royal Jelly
 91216 | Slime:5  | Killed the Royal Jelly
 91666 | Slime:5  | Gained mutation: Your muscles are strong. (Str +2) [a shining eye]
 92098 | Slime:5  | Gained mutation: Your flesh is heat resistant. (rF+) [potion of mutation]
 92107 | Slime:5  | Got a slimy rune of Zot
 92116 | Slime:5  | Learned a level 4 spell: Summon Lightning Spire
 92123 | Slime:5  | Learned a level 6 spell: Deflect Missiles
 92144 | Slime:5  | Got a transparent ivory ring
 92148 | Slime:5  | Identified the ring of Doiwkaul {rElec rPois} (You found it on level 5 of the Pits of Slime)
 92330 | Slime:5  | Identified the Papyrus of Assistive Unholy Rituals
 92339 | Slime:5  | Learned a level 3 spell: Ozocubu's Armour
 92405 | Slime:5  | Got an ivory trident
 92407 | Slime:5  | Identified the +8 trident of Amorality {vamp, MP+9 Str+6} (You found it on level 5 of the Pits of Slime)
 92882 | Orc:2    | Bought the +4 arc blade {discharge, rElec} for 532 gold pieces
 92951 | Elf:2    | Bought a book of Battle for 600 gold pieces
 92955 | Elf:2    | Learned a level 3 spell: Spectral Weapon
 92958 | Elf:2    | Learned a level 2 spell: Song of Slaying
 92961 | Elf:2    | Learned a level 2 spell: Shroud of Golubria
 93282 | D:5      | Fell from the grace of Gozag
 93282 | D:5      | Became a worshipper of Zin the Law-Giver
 93282 | D:5      | Reached * piety under Zin
 93282 | D:5      | Reached ** piety under Zin
 93283 | D:5      | Donated 417 gold pieces to Zin
 93341 | D:5      | Reached *** piety under Zin
 93682 | Vaults:1 | Entered Level 1 of the Vaults
 93699 | Vaults:1 | Reached skill level 1 in Invocations
 93709 | Vaults:1 | Reached skill level 2 in Invocations
 93897 | Vaults:1 | Reached skill level 3 in Invocations
 93973 | Vaults:1 | Reached skill level 4 in Invocations
 94073 | Vaults:1 | Reached skill level 5 in Invocations
 94184 | Vaults:1 | Reached skill level 6 in Invocations
 94313 | Vaults:1 | Reached **** piety under Zin
 94572 | Vaults:1 | Reached skill level 7 in Invocations
 94700 | Vaults:1 | Reached XP level 25. HP: 179/179 MP: 37/37
 94770 | Vaults:1 | Reached ***** piety under Zin
 94811 | Vaults:1 | Reached skill level 8 in Invocations
 95032 | Vaults:1 | Reached skill level 9 in Invocations
 95455 | Vaults:2 | Reached skill level 10 in Invocations
 95510 | Vaults:2 | Found a staircase to the Crypt.
 95539 | Vaults:2 | Reached skill level 11 in Invocations
 95697 | Vaults:2 | Reached skill level 1 in Short Blades
 96161 | Vaults:2 | Found a hazy altar of Hepliaklqana.
 96710 | Vaults:3 | Reached skill level 12 in Invocations
 96876 | Vaults:3 | Reached skill level 5 in Short Blades
 97031 | Vaults:3 | Reached ****** piety under Zin
 97432 | Vaults:3 | Reached skill level 13 in Invocations
 97959 | Vaults:4 | HP: 4/179 [deep troll earth mage/blast of metal fragments[an ironheart preserver] (39)]
 98231 | Vaults:4 | Reached XP level 26. HP: 143/189 MP: 37/37
 98319 | Vaults:4 | Reached skill level 14 in Invocations
 99107 | Crypt:1  | Entered Level 1 of the Crypt
 99237 | Vaults:2 | Reached skill level 15 in Invocations
 99334 | Crypt:1  | Got a steaming gossamer ring
 99335 | Crypt:1  | Identified the ring "Cyumauru" {rElec rPois rC- Int+2 Dex+2} (You found it on level 1 of the Crypt)
 99590 | Crypt:1  | Noticed Aizul
 99599 | Crypt:1  | Killed Aizul
 99777 | Crypt:2  | Reached skill level 16 in Invocations
100102 | Crypt:2  | Was forgiven by Gozag
100409 | Crypt:3  | Entered Level 3 of the Crypt
100479 | Crypt:3  | Reached skill level 17 in Invocations
100981 | Crypt:3  | Noticed a greater mummy
101407 | Crypt:3  | Found a staircase to the Tomb.
101422 | Crypt:3  | Killed a greater mummy
101422 | Crypt:3  | Reached skill level 18 in Invocations
101809 | Crypt:3  | Found a basalt altar of Yredelemnul.
102079 | Crypt:3  | Reached XP level 27. HP: 79/193 MP: 37/37
102097 | Crypt:3  | Reached skill level 19 in Invocations
102115 | Crypt:3  | Identified the Incunabulum of Necromancy
102605 | Vaults:4 | Got an iridescent short sword
102606 | Vaults:4 | Identified the +1 short sword of Growth {protect, rPois rF+ Str-4} (You acquired it on level 4 of the Vaults)
102614 | Vaults:5 | Entered Level 5 of the Vaults
102653 | Vaults:5 | Reached skill level 20 in Invocations
102984 | Vaults:5 | Noticed an ancient lich
103005 | Vaults:5 | Killed an ancient lich
103069 | Vaults:5 | Reached skill level 21 in Invocations
103116 | Vaults:5 | Noticed Margery
103134 | Vaults:5 | Killed Margery
103254 | Vaults:5 | HP: 9/292 [yaktaur/bolt (13)]
103257 | Vaults:5 | Mangled by a vault guard

Skill      XL: |  1  2  3  4  5  6  7  8  9 10 11 12 13 14 15 16 17 18 19 20 21 22 23 24 25 26 27 |
---------------+----------------------------------------------------------------------------------+-----
Polearms       | 4 6 7 8 9 10 11 | 11.3
Dodging        | 3 5 6 7 8 10 11 13 14 15 16 | 16.5
Fighting       | 4 5 6 7 8 10 12 | 12.3
Shields        | 2 5 8 10 12 14 16 18 20 | 20.1
Slings         | 6 7 11 12 | 12.3
Stealth        | 5 10 13 | 13.9
Air Magic      | 2 6 8 13 14 | 14.0
Poison Magic   | 7 9 |  9.4
Spellcasting   | 5 7 9 10 | 10.0
Charms         | 5 9 10 14 | 14.0
Translocations | 1 5 6 13 14 | 14.0
Summonings     | 1 5 6 |  6.8
Invocations    | 7 13 18 21 | 21.4
Short Blades   | 7 9 |  9.0
Evocations     | |  0.7

Action                   |  1- 3 |  4- 6 |  7- 9 | 10-12 | 13-15 | 16-18 | 19-21 | 22-24 | 25-27 || total
-------------------------+-------+-------+-------+-------+-------+-------+-------+-------+-------++-------
Melee: Spear             |    92 |   164 |   520 |   335 |       |       |       |       |       ||  1111
       Constrict         |    18 |    23 |    55 |   154 |    77 |    82 |       |    18 |   242 ||   669
       Tentacles         |    11 |    21 |   111 |   258 |   381 |   267 |       |    33 |   594 ||  1676
       Kick              |       |    19 |    89 |       |       |       |       |       |       ||   108
       Peck              |       |       |       |   232 |   426 |   305 |       |    39 |   591 ||  1593
       Trident           |       |       |       |  1051 |  1482 |  1525 |       |       |       ||  4058
       Rapier            |       |       |       |       |       |     6 |       |    92 |  1443 ||  1541
       Hunting sling     |       |       |       |       |       |     3 |       |       |       ||     3
 Fire: Hunting sling     |       |       |       |       |    26 |  1643 |  1995 |  2314 |       ||  5978
       Fustibalus        |       |       |       |       |       |       |   163 |       |    78 ||   241
 Cast: Mephitic Cloud    |       |       |       |       |       |       |     6 |       |       ||     6
       Apportation       |       |       |       |       |       |       |     1 |       |       ||     1
       Summon Forest     |       |       |       |       |       |       |       |    17 |     3 ||    20
       Repel Missiles    |       |       |       |       |       |       |       |     2 |       ||     2
       Ozocubu's Armour  |       |       |       |       |       |       |       |     1 |     3 ||     4
       Deflect Missiles  |       |       |       |       |       |       |       |     1 |       ||     1
       Shroud of Golubri |       |       |       |       |       |       |       |       |     2 ||     2
       Song of Slaying   |       |       |       |       |       |       |       |       |     1 ||     1
       Summon Lightning  |       |       |       |       |       |       |       |       |     1 ||     1
Invok: Call Merchant     |       |       |       |     1 |     1 |     6 |     2 |     1 |       ||    11
       Potion Petition   |       |       |       |       |       |     1 |       |       |       ||     1
       Donate Gold       |       |       |       |       |       |       |       |     1 |       ||     1
       Recite            |       |       |       |       |       |       |       |       |     6 ||     6
       Vitalisation      |       |       |       |       |       |       |       |       |     4 ||     4
Evoke: Wand              |       |     3 |       |       |     8 |    10 |     5 |    19 |     3 ||    48
       Sack of spiders   |       |       |       |     4 |       |       |       |       |       ||     4
       Fan of gales      |       |       |       |       |       |       |       |     1 |     1 ||     2
       Phantom mirror    |       |       |       |       |       |       |       |     1 |       ||     1
       Lamp of fire      |       |       |       |       |       |       |       |       |     1 ||     1
  Use: Potion            |       |     6 |     4 |    13 |     3 |     6 |     1 |     3 |     6 ||    42
       Scroll            |       |       |     4 |     6 |    20 |    25 |     9 |    16 |    12 ||    92
 Stab: Sleeping          |     6 |       |     7 |    26 |    19 |     7 |       |     2 |    20 ||    87
       Confused          |       |     4 |     6 |     2 |       |     1 |       |       |     2 ||    15
       Paralysed         |       |     1 |    10 |     7 |       |       |       |       |       ||    18
       Petrifying        |       |       |     1 |     2 |     4 |       |       |       |       ||     7
       Petrified         |       |       |       |     4 |     7 |       |       |       |       ||    11
       Distracted        |       |       |       |    17 |    16 |    10 |       |     1 |     8 ||    52
       Fleeing           |       |       |       |       |     1 |       |       |       |       ||     1
       Invisible         |       |       |       |       |       |    15 |       |       |     2 ||    17
  Eat: Chunk             |     6 |    14 |    20 |     5 |       |       |       |       |     1 ||    46
       Beef jerky        |       |       |     1 |     4 |       |     3 |     4 |     2 |     4 ||    18
       Royal jelly       |       |       |       |    17 |     2 |     1 |       |       |     1 ||    21
       Bread ration      |       |       |       |    10 |     1 |     6 |     1 |     1 |     2 ||    21
       Pizza             |       |       |       |    10 |       |     1 |     1 |     2 |     2 ||    16
       Meat ration       |       |       |       |     2 |     4 |     2 |     4 |     4 |     3 ||    19
       Fruit             |       |       |       |     2 |       |       |       |       |       ||     2
Armor: Skin              |     9 |    25 |    56 |   176 |   147 |   172 |    28 |    59 |    64 ||   736
Dodge: Dodged            |    41 |    31 |   113 |   519 |   389 |   671 |   210 |   555 |   841 ||  3370
       Deflected         |       |       |       |       |       |       |       |    18 |    27 ||    45
Block: Other             |       |    14 |     8 |       |       |       |       |       |       ||    22
       Buckler           |       |       |    51 |   507 |   191 |       |       |       |       ||   749
       Reflection        |       |       |       |    12 |    13 |    55 |   122 |    71 |    66 ||   339
       Large shield      |       |       |       |       |  1094 |  2426 |    99 |       |       ||  3619
       Shield            |       |       |       |       |       |       |   499 |  1029 |  1977 ||  3505
